Map: Beckett Industries LE

Players

Denver - Winner!

  • Race: Zerg Zerg

MaxPax

  • Race: Protoss Protoss

Event: DreamHack SC2 Masters 2021 Winter

VOD

Have the link to the VOD?

Description

Time

  • Played on: Oct. 15, 2021, 10:43 a.m.
  • Length: 12:19

All games in this series

Show
View Real Time Build Order
Export as new Build Order

Denver Zerg - Winner!

Build Orders: Pool First 

Get SALT Encoding   

  12  0:00  Drone  
  13  0:13  Overlord  
  13  0:17  Drone  
  14  0:31  Drone x2  
  16  0:37  Drone  
  16  0:40  Extractor  
  16  0:47  Spawning Pool  
  15  0:51  Drone  
  16  0:57  Drone  
  17  1:18  Hatchery  
  17  1:23  Drone  
  17  1:35  Zergling x2  
  17  1:39  Metabolic Boost  
  18  1:45  Queen  
  20  1:52  Overlord  
  20  1:56  Drone  
  20  1:58  Drone  
  22  2:11  Drone  
  23  2:21  Drone  
  23  2:22  Queen  
  26  2:33  Hatchery  
  26  2:36  Zergling x2  
  26  2:40  Zergling x2  
  27  2:44  Extractor  
  27  2:49  Spore Crawler  
  25  2:51  Drone x2  
  25  2:56  Drone x3  
  32  3:02  Overlord  
  32  3:05  Drone  
  32  3:06  Drone  
  33  3:14  Queen  
  33  3:19  Drone  
  36  3:21  Drone x2  
  36  3:24  Drone  
  36  3:25  Drone  
  40  3:34  Drone  
  41  3:37  Baneling Nest  
  41  3:40  Drone x3  
  43  3:44  Overlord  
  43  3:48  Drone x2  
  43  3:51  Zergling x2  
  46  3:59  Zergling x8  
  46  4:02  Queen  
  53  4:10  Zergling x10  
  53  4:14  Overlord  
  57  4:20  Overlord  
  57  4:23  Queen  
  58  4:28  Baneling  
  58  4:29  Baneling x4  
  57  4:32  Overlord  
  57  4:33  Zergling x2  
  57  4:34  Zergling x6  
  57  4:35  Zergling x2  
  57  4:36  Zergling x2  
  63  4:42  Zergling x6  
  63  4:43  Zergling x2  
  63  4:44  Zergling x2  
  68  4:48  Baneling x2  
  68  4:52  Zergling x4  
  70  4:55  Drone x4  
  74  5:00  Drone x2  
  77  5:07  Zergling x4  
  77  5:08  Spore Crawler  
  77  5:09  Spore Crawler  
  77  5:10  Spore Crawler  
  77  5:11  Baneling x3  
  76  5:14  Drone x2  
  76  5:18  Extractor  
  76  5:21  Drone x3  
  78  5:23  Overlord  
  70  5:36  Zergling x2  
  70  5:37  Zergling x8  
  70  5:40  Drone x2  
  70  5:41  Baneling x3  
  77  5:43  Drone x3  
  77  5:44  Drone  
  77  5:48  Roach Warren  
  80  5:52  Drone x3, Extractor  
  80  5:54  Overlord  
  82  6:01  Drone  
  82  6:02  Drone x2, Extractor  
  84  6:05  Overlord  
  84  6:13  Lair  
  84  6:16  Drone x3  
  84  6:17  Overlord  
  87  6:23  Zergling x18  
  96  6:34  Hatchery  
  86  6:40  Drone  
  86  6:41  Drone x7  
  93  6:48  Evolution Chamber  
  93  6:50  Roach x3  
  98  6:55  Drone x2  
  98  6:56  Drone x2  
  98  6:57  Baneling  
  98  6:58  Baneling x4, Extractor  
  98  7:00  Overlord  
  101  7:04  Drone x3, Extractor  
  101  7:05  Overlord  
  103  7:11  Ravager x3  
  106  7:22  Zergling x18  
  102  7:30  Zergling x4  
  102  7:31  Spire, Glial Reconstitution  
  102  7:34  Drone  
  101  7:38  Drone x7  
  107  7:44  Zerg Missile Weapons Level 1  
  107  7:49  Drone x6  
  113  7:57  Roach x3  
  113  8:04  Roach x2  
  115  8:07  Extractor  
  115  8:08  Centrifugal Hooks  
  115  8:09  Extractor  
  115  8:11  Drone  
  115  8:12  Drone x4  
  117  8:13  Drone  
  117  8:19  Overlord  
  117  8:29  Overlord x2  
  119  8:34  Roach x8  
  119  8:36  Overseer  
  131  8:45  Mutalisk x6  
  143  8:49  Overlord x2  
  143  8:50  Mutalisk  
  143  8:51  Mutalisk  
  143  8:55  Baneling x6  
  147  8:56  Zergling x12  
  153  9:03  Baneling  
  153  9:04  Baneling x7  
  153  9:08  Drone x6  
  159  9:12  Zergling x14  
  159  9:13  Zergling x2  
  160  9:23  Baneling x16  
  160  9:24  Baneling  
  160  9:27  Overlord x2  
  160  9:30  Ravager  
  160  9:31  Ravager  
  162  9:35  Zergling x2  
  162  9:36  Zergling x10  
  166  9:52  Mutalisk x4  
  174  9:53  Overlord  
  174  9:57  Overlord  
  174  10:03  Zerg Flyer Weapons Level 1  
  174  10:13  Zergling x38  
  189  10:18  Baneling  
  189  10:21  Hatchery  
  185  10:32  Zergling x2  
  185  10:33  Zergling x24  
  185  10:34  Baneling  
  185  10:35  Baneling x29  
  193  10:36  Baneling  
  193  10:49  Zergling x14  
  147  10:58  Roach x9  
  150  11:07  Roach x8  
  150  11:08  Baneling  
  150  11:09  Baneling x10  
  164  11:12  Zergling x2  
  161  11:19  Zergling x6  
  144  11:28  Zergling x14  
  135  11:34  Roach  
  120  11:41  Roach x3  
  125  11:48  Baneling x9  
  125  11:51  Roach x4  
Show
View Real Time Build Order
Export as new Build Order

MaxPax Protoss 

Build Orders: 1 Gate Expand, Mass Adepts 

Get SALT Encoding   

  12  0:00  Probe  
  13  0:12  Probe  
  14  0:19  Pylon  
  14  0:24  Probe  
  15  0:37  Probe  
  15  0:40  Gateway  
  16  0:49  Probe (Chrono Boost)  
  17  0:56  Assimilator  
  17  1:01  Probe (Chrono Boost)  
  18  1:07  Probe (Chrono Boost)  
  19  1:16  Probe  
  20  1:27  Cybernetics Core  
  20  1:38  Nexus  
  20  1:45  Pylon  
  20  1:48  Probe  
  20  1:53  Assimilator  
  21  2:00  Probe  
  22  2:02  Adept (Chrono Boost)  
  22  2:03  Warp Gate (Chrono Boost)  
  24  2:12  Probe  
  21  2:22  Stalker (Chrono Boost)  
  25  2:24  Probe  
  27  2:31  Gateway  
  28  2:40  Probe, Shield Battery  
  28  2:52  Probe  
  28  2:54  Probe  
  28  2:56  Gateway  
  30  3:02  Adept  
  32  3:07  Probe  
  32  3:10  Probe  
  34  3:19  Probe  
  33  3:22  Pylon  
  33  3:24  Probe  
  34  3:31  Twilight Council, Probe  
  35  3:36  Probe  
  35  3:38  Robotics Facility  
  36  3:43  Probe  
  36  3:44  Adept  
  36  3:48  Probe  
  40  3:50  Adept  
  40  3:53  Adept  
  44  3:57  Probe  
  44  4:01  Probe  
  46  4:05  Adept, Pylon  
  46  4:09  Resonating Glaives  
  48  4:10  Probe  
  48  4:14  Adept  
  51  4:23  Adept  
  54  4:24  Probe  
  54  4:25  Warp Prism (Chrono Boost)  
  57  4:33  Adept  
  57  4:34  Adept  
  57  4:37  Probe  
  57  4:38  Assimilator  
  61  4:42  Pylon  
  61  4:43  Probe  
  62  4:46  Pylon  
  62  5:05  Gateway  
  62  5:08  Adept x2  
  62  5:09  Adept  
  62  5:10  Observer  
  62  5:12  Probe x2  
  62  5:13  Robotics Bay  
  71  5:18  Assimilator  
  71  5:24  Probe x2  
  65  5:36  Probe  
  65  5:37  Probe  
  65  5:39  Adept x3  
  65  5:48  Probe  
  66  5:52  Observer  
  66  5:56  Observer  
  66  5:58  Disruptor (Chrono Boost)  
  66  6:02  Adept x4  
  77  6:04  Gravitic Drive (Chrono Boost)  
  77  6:13  Nexus  
  77  6:14  Pylon  
  77  6:22  Probe  
  78  6:26  Pylon  
  78  6:28  Pylon  
  78  6:31  Disruptor (Chrono Boost)  
  78  6:32  Probe  
  82  6:33  Sentry  
  82  6:34  Adept  
  82  6:38  Probe  
  85  6:44  Probe  
  86  6:47  Forge  
  86  6:49  Adept, Sentry  
  86  6:50  Probe, Pylon  
  91  6:56  Probe, Shield Battery  
  91  6:57  Sentry  
  91  6:58  Adept  
  96  7:03  Probe  
  96  7:06  Pylon  
  96  7:07  Blink  
  97  7:09  Probe  
  84  7:23  Colossus (Chrono Boost)  
  84  7:28  Probe  
  79  7:41  Stalker x4  
  83  7:45  Shield Battery  
  83  7:46  Assimilator  
  83  7:47  Probe  
  83  7:48  Probe  
  85  7:51  Assimilator  
  85  7:54  Pylon  
  85  7:55  Shield Battery  
  85  8:01  Protoss Ground Weapons Level 1  
  85  8:03  Gateway  
  85  8:06  Stalker x2, Gateway  
  85  8:07  Stalker  
  85  8:08  Probe x2  
  85  8:09  Probe  
  94  8:23  Colossus (Chrono Boost)  
  100  8:31  Gateway  
  100  8:42  Stalker x4  
  100  8:44  Photon Cannon  
  100  8:46  Photon Cannon  
  100  8:47  Photon Cannon  
  108  8:54  Pylon  
  108  8:56  Extended Thermal Lance (Chrono Boost)  
  108  9:00  Sentry  
  110  9:07  Observer  
  110  9:08  Colossus (Chrono Boost)  
  116  9:18  Stalker x3  
  121  9:43  Stalker x4  
  121  9:44  Stalker x3  
  126  10:03  Pylon  
  126  10:06  Photon Cannon, Stalker x4  
  126  10:07  Stalker x3  
  140  10:31  Stalker, Sentry x2  
  140  10:32  Stalker x4  
  154  10:38  Pylon  
  112  11:03  Stalker  
  112  11:04  Stalker x6  
  54  11:46  Stalker x6  

Tags
 
Add a new tag
Caveats
  • Supply blocks, unpowered buildings, or Contaminate may cause inaccurate times.
  • Supply counts are checked every 10 seconds.